 Dungeon Crawl Stone Soup version 0.25.0-11-g1f837a76a1 (console) character file.

Game seed: 6062981535547686375

203 bli the Bolt Thrower (level 5, -10/41 HPs)
             Began as a Barachi Wanderer on June 27, 2020.
             Was a Follower of Okawaru.
             Mangled by an ogre
             ... wielding a +0 giant club
              (26 damage)
             ... on level 4 of the Dungeon.
             The game lasted 00:13:53 (3230 turns).

bli the Bolt Thrower (Barachi Wanderer)             Turns: 3230, Time: 00:13:53

Health: -10/41     AC:  8    Str: 12    XL:     5   Next: 81%
Magic:  6/6        EV: 12    Int: 14    God:    Okawaru [*.....]
Gold:   70         SH:  0    Dex: 12    Spells: 4/4 levels left

rFire    . . .     SeeInvis .   b - +0 rapier (curse)
rCold    . . .     Gourm    .   (no shield)
rNeg     + . .     Faith    .   E - +2 robe {rN+}
rPois    .         Spirit   .   (no helmet)
rElec    .         Reflect  .   (no cloak)
rCorr    +         Harm     .   (no gloves)
MR       .....                  (no boots)
Stlth    ++........             (no amulet)
HPRegen  0.13/turn              r - ring of resist corrosion
MPRegen  0.10/turn              B - +4 ring of protection

@: slow
A: +LOS, swims, slowness 1, strong legs 1
a: Hop, Heroism, Renounce Religion


You were on level 4 of the Dungeon.
You worshipped Okawaru.
Okawaru was aware of your devotion.
You were not hungry.

You visited 1 branch of the dungeon, and saw 4 of its levels.

You collected 70 gold pieces.

Inventory:

Hand Weapons
 a - a +0 hand crossbow
 b - a cursed +0 rapier (weapon)
 e - a +0 shortbow
 v - a +0 falchion
Missiles
 d - 53 arrows
 f - 43 bolts
 i - a throwing net
 j - 67 stones
 u - 2 javelins (quivered)
 x - 5 boomerangs of dispersal
 y - 4 poisoned darts
Armour
 c - a +0 leather armour
 q - a +0 ring mail
 A - a +0 ring mail
 E - a +2 robe of positive energy (worn)
Jewellery
 r - a ring of resist corrosion (left hand)
 B - a +4 ring of protection (right hand)
Scrolls
 m - 2 scrolls of identify
 o - a scroll of magic mapping {unknown}
 t - 5 scrolls of amnesia {unknown}
 w - a scroll of remove curse
 z - a scroll of teleportation {unknown}
 C - a scroll of fog {unknown}
Potions
 k - 2 potions of stabbing {unknown}
 l - a potion of mutation {unknown}
 n - 3 potions of heal wounds
 p - a potion of might {unknown}
 s - a potion of brilliance
 D - a potion of lignification {unknown}
 F - 2 potions of curing {unknown}
Comestibles
 g - 4 rations
 h - a chunk of flesh


   Skills:
 + Level 3.3 Fighting
 + Level 2.7 Short Blades
 + Level 5.2 Crossbows
 + Level 2.1 Armour
 + Level 2.0 Dodging
 - Level 1.0 Stealth
 + Level 0.4 Unarmed Combat
   Level 2.1 Evocations


You had 4 spell levels left.
You didn't know any spells.
Your spell library was empty.

Dungeon Overview and Level Annotations

Branches:
Dungeon (4/15)
 Temple: D:4-7

Altars:
Okawaru

Annotations:
D:3 3 runed translucent doors, DevastatorOne's ghost, amateur HOFi


Innate Abilities, Weirdness & Mutations

You can be seen from farther away. (+LOS)
You can swim through water.
You cover ground slowly.
You can hop short distances.


Message History

Your Dodging skill increases to level 2!
The ogre barely misses you.
You hit the ogre but do no damage. The ogre hits you with a +0 giant club!
Found a fuming coppery potion.
Found a stone staircase leading down.
Throwing (i - inventory. (/) - cycle)
u - 4 javelins (quivered)
Press: ? - help, Shift-Dir - straight line, f - ogre
Aim: an ogre, wielding a +0 giant club You throw a javelin.
The javelin barely misses the ogre.
You hit the ogre but do no damage. The ogre closely misses you.
Throwing (i - inventory. (/) - cycle)
u - 3 javelins (quivered)
Press: ? - help, Shift-Dir - straight line, f/p - ogre
Aim: an ogre, wielding a +0 giant club You throw a javelin.
The javelin pierces through the ogre.
The ogre is lightly wounded.
The javelin pierces through the centaur skeleton.
The centaur skeleton is moderately damaged.
The ogre hits you with a +0 giant club!!
Ouch! That really hurt!
You die...

#>... #.## ...
.... ...##..#
....##.......#
..#..........#
#.#..........# ##.
#.......... ..
#......(.#. #.#.
#. #.......##
.....##.##...[..##
#......#......#
#...@OZ....(#
#...###......#
...... ##.......#
..... ##...#..#
.... ........ ...
........ ..
....!.. . ......
>..


You could see an ogre and a centaur skeleton.

Vanquished Creatures
  Jessica (D:3)
  A hound skeleton (D:4)
  7 gnolls (D:3)
  An adder (D:3)
  5 worms
  A dart slug (D:3)
  4 leopard geckos
  2 orcs (D:3)
  2 ball pythons (D:1)
  3 giant cockroaches (D:1)
  5 goblins
  6 hobgoblins
  6 jackals (D:1)
  6 kobolds
  A quokka (D:3)
  5 bats
  4 frilled lizards
  6 rats
66 creatures vanquished.

Notes
Turn   | Place    | Note
-------+----------+-------------------------------------------
     0 | D:1      | bli the Barachi Wanderer began the quest for the Orb.
     0 | D:1      | bli set off with the following items: a +0 shortbow, 2
                  | throwing nets, a +0 leather armour, 25 arrows, a +0 hand
                  | crossbow, 19 bolts, a ration
     0 | D:1      | Reached XP level 1. HP: 17/17 MP: 2/2
   297 | D:1      | Reached XP level 2. HP: 23/23 MP: 3/3
   554 | D:1      | Reached XP level 3. HP: 28/28 MP: 4/4
   948 | D:2      | Reached skill level 5 in Crossbows
   956 | D:2      | Found a faded altar of an unknown god.
   980 | D:2      | Became a worshipper of Warmaster Okawaru
   980 | D:2      | Reached * piety under Okawaru
  1571 | D:2      | Reached XP level 4. HP: 32/34 MP: 5/5
  1653 | D:3      | Found a runed translucent gate.
  1653 | D:3      | Found a runed translucent gate.
  1653 | D:3      | Found a runed translucent gate.
  1660 | D:3      | Noticed DevastatorOne's ghost (amateur HOFi)
  2127 | D:3      | Noticed Jessica
  2141 | D:3      | Killed Jessica
  2141 | D:3      | Reached skill level 1 in Short Blades
  2141 | D:3      | Reached skill level 1 in Armour
  2588 | D:3      | Reached XP level 5. HP: 41/41 MP: 6/6
  3213 | D:4      | Noticed an ogre
  3230 | D:4      | Mangled by an ogre

Illustrated notes

Levels and vault maps discovered:
D:1:      minmay_arrival_doors, layout_loops_corners, minmay_door_square,
          minmay_pentomino_x2
D:2:      layout_basic, chequers_ecumenical_altar_simple_redux,
          grunt_decor_arrowhead, minmay_misc_feat_four_crosses
D:3:      layout_basic, gammafunk_ghost_necromancy, st_stairs_3,
          kennysheep_jessica_study
D:4:      layout_cave_pools, first_ration, gammafunk_ghost_grave, minivault_19

Skill      XL: |  1  2  3  4  5 |
---------------+----------------+-----
Crossbows      | 5 |  5.2
Fighting       | 3 |  3.3
Short Blades   | 1 2 |  2.7
Armour         | 1 2 |  2.1
Dodging        | 2 |  2.0
Stealth        | |  1.0
Unarmed Combat | |  0.4
Evocations     | |  2.1

Action                   |  1- 3 |  4- 6 || total
-------------------------+-------+-------++-------
Melee: Unarmed           |    19 |       ||    19
       Rapier            |    31 |    95 ||   126
 Fire: Hand crossbow     |    71 |       ||    71
Throw: Stone             |    12 |    32 ||    44
       Javelin           |       |    17 ||    17
       Dart              |       |     6 ||     6
       Throwing net      |       |     3 ||     3
       Boomerang         |       |     2 ||     2
  Use: Scroll            |     2 |       ||     2
       Potion            |       |     2 ||     2
 Stab: Sleeping          |       |     1 ||     1
  Eat: Chunk             |     3 |     5 ||     8
Armor: Leather armour    |    28 |     6 ||    34
       Robe              |       |    19 ||    19
Dodge: Dodged            |    59 |    74 ||   133
